 Dungeon Crawl Stone Soup version 0.30-a0-1043-g60ff8d5f49 (webtiles) character file.

Game seed: 1505325994680983401

76181 Crownlay the Earth Mage (level 15, -1/92 HPs)
             Began as a Gargoyle Earth Elementalist on Apr 9, 2023.
             Was an Initiate of Gozag.
             Slain by an ice dragon (3 damage)
             ... on level 15 of the Dungeon.
             The game lasted 01:05:49 (28446 turns).

Crownlay the Earth Mage (GrEE)                     Turns: 28446, Time: 01:05:50

Health: -1/92      AC: 19    Str: 18    XL:     15   Next: 52%
Magic:  2/31       EV: 11    Int: 22    God:    Gozag
Gold:   4349       SH:  5    Dex: 10    Spells: 16/39 levels left

rFire   . . .      SeeInvis +    p - +8 dagger of Action {freeze, Contam rElec Str+5}
rCold   + . .      Faith    .    (no shield)
rNeg    + . .      Spirit   .    N - +2 robe {rC+}
rPois   ∞          Reflect  +    l - +0 helmet
rElec   +          Rampage  .    L - +0 cloak
rCorr   .                        Q - +0 pair of gloves
Will    +....                    v - +0 pair of boots
Stlth   ++                       y - amulet of reflection
HPRegen 0.35/turn                o - ring of wizardry
MPRegen 0.22/turn                F - ring of see invisible

@: flying
A: sickness immunity, AC +11, big wings, negative energy resistance 1,
electricity resistance, torment resistance 1, petrification resistance
a: Renounce Religion, Potion Petition, Call Merchant, Bribe Branch


You were on level 15 of the Dungeon.
You worshipped Gozag.
Gozag was most pleased with you.
You visited 3 branches of the dungeon, and saw 22 of its levels.

You collected 6613 gold pieces.
You spent 132 gold pieces at shops.
You paid 2132 gold pieces to Gozag.

Inventory:

Hand Weapons
 p - the +8 dagger of Action (weapon) {freeze, Contam rElec Str+5}
   (You found it on level 4 of the Dungeon)

   Str:       It affects your strength (+5).
   rElec:     It insulates you from electricity.
   Contam:    It causes magical contamination when unequipped.
 E - the +6 flail "Aqauxoef" {flame, Drain rC+ Int+3}
   (You took it off an orc wizard on level 7 of the Dungeon)

   Int:       It affects your intelligence (+3).
   rC:        It protects you from cold.
   Drain:     It drains your maximum health when unequipped.
Missiles
 t - 4 throwing nets
Armour
 d - a +0 buckler
 l - a +0 helmet (worn)
 v - a +0 pair of boots (worn)
 L - a +0 cloak (worn)
 N - a +2 robe of cold resistance (worn)
 Q - a +0 pair of gloves (worn)
Magical Staves
 M - a staff of fire
Jewellery
 e - a ring of fire
 o - a ring of wizardry (left hand)
 s - the amulet "Pihofiec" {rF+ Regen+ rCorr Int+3}
   (You found it on level 13 of the Dungeon)

   [amulet of regeneration]

   Int:       It affects your intelligence (+3).
   rF:        It protects you from fire.
   Regen:     It increases your rate of health regeneration.
   rCorr:     It protects you from acid and corrosion.
 x - a ring of protection from cold
 y - an amulet of reflection (around neck)
 D - a ring of protection from cold
 F - a ring of see invisible (right hand)
Wands
 w - a wand of mindburst (4)
 A - a wand of acid (10)
Scrolls
 h - 2 scrolls of butterflies
 m - 7 scrolls of teleportation
 r - 5 scrolls of magic mapping
 u - 6 scrolls of immolation
 z - 3 scrolls of fear
 C - a scroll of identify
 H - 3 scrolls of fog
 I - a scroll of silence
 J - 3 scrolls of enchant armour
 O - a scroll of acquirement
 P - 3 scrolls of blinking
 S - 4 scrolls of poison
Potions
 a - 5 potions of mutation {unknown}
 b - 2 potions of magic
 c - a potion of invisibility {unknown}
 f - 3 potions of attraction {unknown}
 g - 4 potions of haste
 i - 2 potions of cancellation
 j - a potion of lignification {unknown}
 n - a potion of might {unknown}
 q - 2 potions of berserk rage
 B - 10 potions of curing
 K - 3 potions of brilliance


   Skills:
 - Level 10.0 Fighting
 - Level 1.5 Dodging
 - Level 2.1 Stealth
 + Level 0.9 Shields
 + Level 12.5 Spellcasting
 - Level 10.0 Conjurations
 - Level 7.9 Summonings
 - Level 1.0 Transmutations
 * Level 13.0 Fire Magic
 + Level 15.9 Earth Magic


You had 16 spell levels left.
You knew the following spells:

 Your Spells              Type           Power      Damage    Failure   Level
a - Sandblast             Erth           100%       2d20      0%          1
b - Stone Arrow           Conj/Erth      100%       3d13      1%          3
c - Lehudib's Crystal Sp  Conj/Erth      31%        10d8      50%         8
d - Iron Shot             Conj/Erth      31%        9d6       1%          6
e - Lee's Rapid Deconstr  Erth           35%        3d18*     1%          5

Your spell library contained the following spells:

 Spells                   Type           Power      Damage    Failure   Level
 Apportation              Tloc           26%        N/A       1%          1
 Necrotise                Necr           52%        1d6       1%          1
 Slow                     Hex            52%        N/A       1%          1
 Sting                    Tmut/Pois      60%        1d6       1%          1
 Summon Small Mammal      Summ           100%       N/A       1%          1
 Passwall                 Tmut/Erth      41%        N/A       1%          2
 Ignite Poison            Fire/Tmut/Pois 34%        N/A       1%          3
 Animate Armour           Summ/Erth      100%       N/A       1%          4
 Leda's Liquefaction      Hex/Erth       24%        N/A       1%          4
 Petrify                  Tmut/Erth      50%        N/A       1%          4
 Sticky Flame             Conj/Fire      59%        2d7       1%          4
 Poisonous Vapours        Pois/Air       26%        N/A       2%          2
 Confusing Touch          Hex            13%        N/A       6%          3
 Vampiric Draining        Necr           13%        2d6       6%          3
 Summon Forest            Summ/Tloc      15%        N/A       11%         5
 Dispel Undead            Necr           13%        3d9       19%         4
 Olgreb's Toxic Radiance  Pois           13%        N/A       19%         4
 Passage of Golubria      Tloc           13%        N/A       19%         4
 Blade Hands              Tmut           9%         N/A       32%         5
 Silence                  Hex/Air        6%         N/A       45%         5
 Ignition                 Fire           31%        3d10      47%         8
 Summon Hydra             Summ           24%        N/A       50%         7
 Eringya's Noxious Bog    Tmut/Pois      7%         N/A       90%         6
 Death Channel            Necr           6%         N/A       94%         6
 Cigotuvi's Dreadful Rot  Necr/Pois/Air  Unusable   N/A       N/A         2
 Statue Form              Tmut/Erth      Unusable   N/A       N/A         6

Dungeon Overview and Level Annotations

Branches:
Dungeon (15/15)            Temple (0/1) D:4            Lair (5/5) D:10
 Shoals (0/4) Lair:2        Snake (0/4) Lair:2        Slime (0/5) Lair:4
    Orc (2/2) D:9          Vaults (0/5) D:14
    Elf: Orc:2       Depths: D:15

Altars:
Cheibriados
Fedhas
Gozag
Hepliaklqana
Kikubaaqudgha
Makhleb
Ru
Sif Muna
Uskayaw
Wu Jian
Xom
Yredelemnul
Zin
Jiyva

Shops:
D:10 =   D:14 *   Lair:2 *


Innate Abilities, Weirdness & Mutations

You are immune to sickness and miasma.
Your stone body is resilient. (AC +11)
You are immune to poison.
Your large and strong wings let you fly.
You resist negative energy. (rN+)
You are resistant to electric shocks. (rElec)
You are resistant to unholy torment.
You are immune to petrification.


Message History

The ice dragon breathes frost at you. The blast of cold hits you!! You resist.
Aiming: Paralyse
Press: ? - help, Shift-Dir - straight line, f/p - ice dragon
Aim: an ice dragon (severely wounded, catching its breath, chance to affect: 31%)
The ice dragon suddenly stops moving!
The now-empty wand crumbles to dust.
The helpless ice dragon fails to defend itself.
You hit the ice dragon.
The ice dragon is severely wounded.
The helpless ice dragon fails to defend itself.
You puncture the ice dragon!
The ice dragon is almost dead.
The helpless ice dragon fails to defend itself.
You hit the ice dragon but do no damage.
The ice dragon is almost dead.
The helpless ice dragon fails to defend itself.
You puncture the ice dragon!
The ice dragon is almost dead.
The ice dragon is no longer paralysed.
You block the ice dragon's attack. The ice dragon claws you!
* * * LOW HITPOINT WARNING * * *
The ice dragon tramples you.
* * * LOW HITPOINT WARNING * * *
You are shoved backwards!
You hit the ice dragon but do no damage.
The ice dragon is almost dead.
The ice dragon breathes frost at you. The blast of cold hits you!! You resist.
* * * LOW HITPOINT WARNING * * *
Casting: Iron Shot (dangerous; 1% risk of failure)
Confirm with . or Enter, or press ? or * to list all spells.
Aiming: Sandblast (safe; 0% risk of failure)
Press: ? - help, Shift-Dir - straight line, f/p - ice dragon
Aim: an ice dragon (almost dead, catching its breath, 89% to hit)
The blast of sand hits the ice dragon but does no damage.
The ice dragon is almost dead.
The ice dragon bites you but does no damage.
The ice dragon claws you.
You die...
Your body crumbles into a pile of gold.

####################
#..@D...............
##############.#################.
...................... ........
...................... ........
..........)..######### #.......
##....#####..# #....... #.888#
#..# #...#... ##....#####..######
#...##.. ##888.##............ ...
##.


You could see an ice dragon (catching breath).

Vanquished Creatures
  A fire dragon (D:15)
  Fannar (D:10)
  4 hydras
  2 ogre magi
  6 centaur warriors
  2 catoblepae
  4 boulder beetles
  5 two-headed ogres
  An orc high priest (Orc:1)
  2 tengu warriors (D:15)
  12 skeletal warriors
  A skyshark (Lair:2)
  Lodul (D:12)
  3 deep elf pyromancers
  2 orc sorcerers
  2 cyclopes
  A manticore (Lair:2)
  9 ugly things (D:14)
  10 elephants
  8 black mambas
  10 cane toads
  6 kobold demonologists
  2 rime drakes (Lair:5)
  9 komodo dragons
  4 yaktaurs (D:15)
  6 trolls
  3 meliai (D:14)
  A polar bear (Lair:1)
  A wind drake (Lair:2)
  A wolf spider simulacrum (D:15)
  5 hornets
  11 dream sheep
  7 blink frogs
  11 slime creatures
  A culicivora (shapeshifter) (D:14)
  2 shadows
  A vampire (D:11)
  A wraith (D:14)
  A water elemental (D:13)
  3 wyverns
  4 basilisks
  59 yaks
  5 steam dragons
  Grum (D:8)
  Edmund (D:6)
  4 acid dragons
  16 water moccasins
  The ghost of GrimJard the Chiller, an amateur DEIE (D:3)
  A sky beast (D:6)
  13 orc warriors
  5 black bears
  An ice beast (D:7)
  13 ogres
  16 wolves
  12 centaurs
  4 kobold brigands
  13 bullfrogs
  3 gnoll sergeants
  2 scorpions
  4 wights (D:7)
  8 killer bees
  7 howler monkeys
  6 electric eels (D:13)
  7 crimson imps (D:14)
  2 hounds
  3 jellies
  9 orc priests
  A sleepcap (D:8)
  7 iguanas
  12 orc wizards
  11 gnolls
  5 adders
  3 shadow imps
  3 white imps
  An ufetubus (D:6)
  2 worms (D:2)
  A dart slug (D:5)
  53 orcs
  8 bats
  8 endoplasms
  A giant cockroach (D:1)
  9 goblins
  10 hobgoblins
  2 quokkas
  6 ball pythons
  3 frilled lizards
  24 kobolds
  A rat (D:2)
554 creatures vanquished.

Vanquished Creatures (others)
  25 fungi
  155 plants
  4 withered plants (Lair:5)
184 creatures vanquished.

Grand Total: 738 creatures vanquished

Notes
Turn   | Place    | Note
-------+----------+-------------------------------------------
     0 | D:1      | Crownlay the Gargoyle Earth Elementalist began the quest
                  | for the Orb.
     0 | D:1      | Reached XP level 1. HP: 10/10 MP: 3/3
   132 | D:1      | Reached skill level 4 in Earth Magic
   157 | D:1      | Reached XP level 2. HP: 15/15 MP: 3/5
   838 | D:1      | Reached XP level 3. HP: 19/19 MP: 4/6
  1146 | D:2      | Learned a level 3 spell: Stone Arrow
  1465 | D:2      | Reached skill level 5 in Earth Magic
  1530 | D:2      | Reached XP level 4. HP: 24/24 MP: 0/8
  1616 | D:2      | Found an opulent altar of Gozag.
  1660 | D:2      | Became a worshipper of Gozag Ym Sagoz the Greedy
  2347 | D:3      | Found a faded altar of an unknown god.
  2470 | D:3      | Found a large runed translucent door.
  2470 | D:3      | Found a large runed translucent door.
  2628 | D:3      | Found a hide-covered altar of Uskayaw.
  2801 | D:3      | Noticed GrimJard's ghost (amateur DEIE)
  2981 | D:4      | Found a sacrificial altar of Ru.
  2991 | D:4      | Identified the +8 dagger of Action {freeze, Contam rElec
                  | Str+5}
  3202 | D:4      | Found a staircase to the Ecumenical Temple.
  3320 | D:4      | Reached XP level 5. HP: 28/28 MP: 7/9
  3345 | D:4      | Reached skill level 6 in Earth Magic
  3507 | D:4      | Found a hazy altar of Hepliaklqana.
  3737 | D:5      | Entered Level 5 of the Dungeon
  3957 | D:5      | Noticed a black bear
  3959 | D:5      | Killed a black bear
  3960 | D:5      | Reached skill level 7 in Earth Magic
  3960 | D:5      | Reached XP level 6. HP: 32/32 MP: 4/11
  4589 | D:6      | Reached XP level 7. HP: 36/36 MP: 9/13
  4620 | D:6      | Noticed Edmund
  4629 | D:6      | Killed Edmund
  4630 | D:6      | Reached skill level 8 in Earth Magic
  4762 | D:6      | Reached skill level 9 in Earth Magic
  4787 | D:6      | Reached XP level 8. HP: 41/41 MP: 6/15
  4868 | D:6      | Reached skill level 5 in Spellcasting
  5004 | D:6      | Reached skill level 1 in Fighting
  5004 | D:6      | Reached skill level 1 in Transmutations
  5079 | D:6      | Reached skill level 1 in Conjurations
  5079 | D:6      | Reached skill level 1 in Summonings
  5079 | D:6      | Reached skill level 1 in Fire Magic
  5079 | D:6      | Reached skill level 10 in Earth Magic
  5193 | D:6      | Found a basalt altar of Yredelemnul.
  5261 | D:6      | Found a shimmering blue altar of Sif Muna.
  5775 | D:7      | Identified the +6 flail "Aqauxoef" {flame, Drain rC+ Int+3}
  5786 | D:7      | Reached XP level 9. HP: 49/49 MP: 9/17
  6244 | D:7      | Reached skill level 11 in Earth Magic
  6950 | D:8      | Found an ornate altar of the Wu Jian Council.
  7030 | D:8      | Reached XP level 10. HP: 43/56 MP: 12/19
  7091 | D:8      | Noticed Grum
  7102 | D:8      | Killed Grum
  7528 | D:8      | Reached skill level 12 in Earth Magic
  7630 | D:8      | Found a blossoming altar of Fedhas.
  7630 | D:8      | Found an ancient bone altar of Kikubaaqudgha.
  7638 | D:8      | Found a snail-covered altar of Cheibriados.
  7640 | D:8      | Found an opulent altar of Gozag.
  7642 | D:8      | Found a glowing silver altar of Zin.
  8172 | D:9      | Reached skill level 5 in Fighting
  8172 | D:9      | Reached skill level 5 in Conjurations
  8400 | D:9      | Found a staircase to the Orcish Mines.
  8964 | D:10     | Entered Level 10 of the Dungeon
  8964 | D:10     | Found Wyewaj's Jewellery Boutique.
  8980 | D:10     | Noticed Fannar
  8991 | D:10     | Killed Fannar
  8992 | D:10     | Reached skill level 5 in Fire Magic
  8992 | D:10     | Reached XP level 11. HP: 44/64 MP: 0/22
  9108 | D:10     | Found a shimmering altar of Xom.
  9400 | D:10     | Noticed a two-headed ogre
  9409 | D:10     | Killed a two-headed ogre
  9644 | D:10     | Found a staircase to the Lair.
  9815 | Lair:1   | Entered Level 1 of the Lair of Beasts
 10086 | Lair:1   | You fall into a shaft and drop 1 floor!
 10087 | Lair:2   | Found a staircase to the Snake Pit.
 10092 | Lair:2   | Reached skill level 13 in Earth Magic
 10212 | Lair:2   | Noticed a skyshark
 10216 | Lair:2   | Killed a skyshark
 10581 | Lair:1   | Reached XP level 12. HP: 38/73 MP: 2/24
 11531 | Lair:2   | Noticed a catoblepas
 11541 | Lair:2   | Killed a catoblepas
 11963 | Lair:2   | Found a staircase to the Shoals.
 12268 | Lair:2   | Reached skill level 14 in Earth Magic
 12323 | Lair:2   | Found a burning altar of Makhleb.
 12412 | Lair:2   | Learned a level 8 spell: Lehudib's Crystal Spear
 12413 | Lair:2   | Bought a scroll of identify for 24 gold pieces
 12413 | Lair:2   | Bought a scroll of noise for 12 gold pieces
 12413 | Lair:2   | Bought a potion of degeneration for 12 gold pieces
 12717 | Lair:2   | Reached skill level 5 in Summonings
 13814 | Lair:3   | Reached XP level 13. HP: 79/80 MP: 15/26
 14546 | Lair:3   | Reached skill level 10 in Fighting
 14546 | Lair:3   | Reached skill level 10 in Spellcasting
 14546 | Lair:3   | Reached skill level 10 in Conjurations
 15222 | Lair:4   | Found a staircase to the Slime Pits.
 15223 | Lair:4   | Found a viscous altar of Jiyva.
 16609 | Lair:5   | Entered Level 5 of the Lair of Beasts
 16940 | Lair:5   | Noticed a dire elephant
 16940 | Lair:5   | Noticed a dire elephant
 16940 | Lair:5   | Noticed a dire elephant
 16940 | Lair:5   | Noticed a dire elephant
 17955 | Lair:5   | Gained mutation: Your large and strong wings let you fly.
                  | [Gargoyle growth]
 17955 | Lair:5   | Reached XP level 14. HP: 88/88 MP: 13/28
 18753 | D:3      | Killed GrimJard's ghost
 18785 | D:3      | Identified the +7 trident of Fays {venom, rCorr Str+3 Dex-5
                  | Stlth+}
 18927 | Orc:1    | Entered Level 1 of the Orcish Mines
 19445 | Orc:2    | Entered Level 2 of the Orcish Mines
 19450 | Orc:2    | Noticed an orc warlord
 19452 | Orc:2    | Paralysed by an orc sorcerer for 2 turns
 20872 | D:12     | Noticed Lodul
 20898 | D:12     | Reached skill level 10 in Fire Magic
 20904 | D:12     | Killed Lodul
 21664 | D:12     | Learned a level 6 spell: Iron Shot
 22399 | D:13     | Identified the amulet "Pihofiec" {rF+ Regen+ rCorr Int+3}
 23149 | D:14     | Identified a scroll of acquirement
 23596 | D:14     | Bought a fizzy red potion for 26 gold pieces
 23596 | D:14     | Bought a scroll of identify for 58 gold pieces
 23605 | D:14     | Found a gate to the Vaults.
 23639 | D:14     | Reached skill level 15 in Earth Magic
 24607 | D:14     | Reached XP level 15. HP: 92/92 MP: 27/30
 24696 | D:14     | Identified the +1 robe "Yfiur" {rPois}
 25579 | D:15     | Entered Level 15 of the Dungeon
 26377 | D:15     | Learned a level 5 spell: Lee's Rapid Deconstruction
 27653 | D:15     | HP: 1/92 [skeletal warrior/+0 glaive (15)]
 28445 | D:15     | HP: 1/92 [ice dragon/blast of cold (20)]
 28446 | D:15     | Slain by an ice dragon

Illustrated notes

Levels and vault maps discovered:
D:1:      onia_arrival_mini_spirals, layout_loops_corners, fountainhead
D:2:      layout_basic, basic_altar, amethyst_killhole, minmay_between
D:3:      kennysheep_big_flooded_room, layout_basic,
          nicolae_overflow_ecumenical_swirl, ebering_ghost_disaster_area
D:4:      layout_loops_ring, mainiacjoe_overflow_small_starburst,
          nicolae_hepliaklqana_hippocampus, minmay_temple_entry_drinking_statues
D:5:      layout_basic
D:6:      layout_cave_pools, mainiacjoe_overflow_boulevard,
          mainiacjoe_overflow_24_doors, uniq_edmund
D:7:      layout_basic, minmay_misc_feat_hallway, kennysheep_crisscross,
          minmay_joined_circles
D:8:      layout_basic, nicolae_wu_jian_wuxing_cycle,
          chequers_temple_overflow_minitemple, minmay_misc_feat_four_crosses,
          hangedman_decor_slide_cut, uniq_grum
D:9:      layout_rooms, david_orc_5, dk_vineyard_3
D:10:     layout_cave_pools, mainiacjoe_overflow_cross_hatched,
          lair_entry_dummy, serial_shops, nicolae_stop_n_shop_1, uniq_fannar
D:11:     layout_stronghold
D:12:     layout_rooms, kb_lookout_dungeons_type, uniq_lodul
D:13:     layout_basic, serial_bayou, serial_bayou_shore_a,
          serial_bayou_shore_b, serial_bayou_ford_a, serial_bayou_lagoon_b
D:14:     layout_basic, david_vaults_2, minmay_nine_imps
D:15:     grunt_enter_depths_hoard, layout_long_grid, small_statue_alley_a,
          minmay_misc_feat_plants
Lair:1:   layout_gridlike, serial_bayou, serial_bayou_lagoon_a,
          serial_bayou_pond_b, serial_bayou_shore_b, serial_bayou_shore_b,
          grunt_megastairs_3
Lair:2:   layout_big_grid, minmay_shoals_entry_beasts,
          minmay_snake_entry_six_corridors, serial_forest,
          infiniplex_forest_straight_2, infiniplex_forest_straight_2,
          infiniplex_forest_clump_medium, infiniplex_forest_clump_long,
          infiniplex_forest_end_3, infiniplex_forest_clump_double, basic_altar
Lair:3:   cheibrodos_lair_overgrown_chateau, layout_cave_pods
Lair:4:   layout_cave_pods, minmay_slime_entry_pillars, serial_forest,
          infiniplex_forest_lined_3, infiniplex_forest_end_1,
          infiniplex_forest_straight_2, infiniplex_forest_clump_C,
          infiniplex_forest_clump_large, infiniplex_forest_zigzag_2,
          infiniplex_forest_end_1, infiniplex_forest_straight_2
Lair:5:   due_jungle_book, layout_gridlike
Orc:1:    layout_caves
Orc:2:    grunt_orc_gardens, layout_diamond_mine, grunt_orc_garden,
          grunt_orc_garden, grunt_orc_garden, grunt_orc_garden

Skill      XL: |  1  2  3  4  5  6  7  8  9 10 11 12 13 14 15 |
---------------+----------------------------------------------+-----
Earth Magic    | 4 5 7 9 10 11 12 13 14 15 | 15.9
Spellcasting   | 3 4 5 6 7 8 9 10 11 12 | 12.5
Fighting       | 2 4 6 7 9 10 | 10.0
Transmutations | 1 |  1.0
Conjurations   | 2 3 6 7 9 10 | 10.0
Summonings     | 1 3 4 5 7 |  7.9
Fire Magic     | 2 3 5 6 8 11 13 | 13.0
Dodging        | |  1.5
Stealth        | |  2.1
Shields        | |  0.9

Action                     |  1- 3 |  4- 6 |  7- 9 | 10-12 | 13-15 || total
---------------------------+-------+-------+-------+-------+-------++-------
  Melee: Dagger            |     7 |       |     2 |    12 |   110 ||   131
         Punch             |       |       |       |       |     3 ||     3
  Throw: Throwing net      |       |       |       |     2 |       ||     2
   Cast: Sandblast         |    48 |    62 |    94 |   299 |   510 ||  1013
         Stone Arrow       |       |     5 |    24 |    95 |   143 ||   267
         Iron Shot         |       |       |       |       |    29 ||    29
         Lee's Rapid Decon |       |       |       |       |    18 ||    18
 Invoke: Call Merchant     |       |       |       |     1 |     1 ||     2
         Potion Petition   |       |       |       |       |     1 ||     1
  Evoke: Wand              |       |       |       |     1 |    42 ||    43
    Use: Scroll            |       |       |     8 |     9 |    11 ||    28
         Potion            |       |       |       |       |     6 ||     6
   Stab: Paralysed         |       |       |       |       |    13 ||    13
         Invisible         |       |       |       |       |     2 ||     2
 Armour: Robe              |     8 |     8 |    22 |    93 |   234 ||   365
  Dodge: Dodged            |    20 |    13 |    30 |   134 |   250 ||   447
  Block: Other             |       |       |       |       |   118 ||   118
         Reflection        |       |       |       |       |    22 ||    22

Table legend: (Time is in decaauts)
 A = Elapsed time spent in this place.
 B = Non-inter-level travel time spent in this place.
 C = Inter-level travel time spent in this place.
 D = Time resting spent in this place.
 E = Time spent auto-exploring this place.
 F = Levels seen in this place.
 G = Mean time per level.
                   A        B        C        D        E       F      G
               +--------+--------+--------+--------+--------+-----+--------+
         Total |  28999 |  27258 |   1741 |    191 |  22268 |  22 | 1318.1 |
       Dungeon |  19545 |  18150 |   1395 |    181 |  14968 |  15 | 1303.0 |
          Lair |   8894 |   8552 |    342 |     10 |   6894 |   5 | 1778.8 |
  Orcish Mines |    560 |    558 |      2 |      0 |    406 |   2 |  280.0 |
               +--------+--------+--------+--------+--------+-----+--------+

Top non-repeatable levels by time:
    D:14: 3201 daAuts
  Lair:2: 2168 daAuts
    D:15: 1899 daAuts
  Lair:5: 1883 daAuts
  Lair:3: 1756 daAuts
  Lair:4: 1681 daAuts
     D:7: 1543 daAuts
  Lair:1: 1404 daAuts
     D:8: 1312 daAuts
    D:11: 1262 daAuts
    D:13: 1198 daAuts
     D:2: 1175 daAuts
     D:9: 1174 daAuts
     D:1: 1092 daAuts
    D:12: 1021 daAuts
